 Dungeon Crawl Stone Soup version 0.31-a0-940-gdaa99269f9 (webtiles) character file.

Game seed: 10782735491580286068

117 gelatine the Changeling (level 4, -3/32 HPs)
             Began as a Demonspawn Shapeshifter on Oct 20, 2023.
             Slain by a gnoll
             ... wielding a +0 spear
              (6 damage)
             ... on level 3 of the Dungeon.
             The game lasted 00:03:38 (1598 turns).

gelatine the Changeling (Demonspawn Shapeshifter)   Turns: 1598, Time: 00:03:38

Health: -3/32      AC:  6    Str: 17    XL:     4   Next: 71%
Magic:  4/4        EV: 12    Int: 11    God:
Gold:   79         SH:  4    Dex: 12    Spells: 3/3 levels left

rFire   . .          .
                       - Unarmed
rCold   . . .        (no shield)
rNeg    . . .        a - +0 animal skin
rPois   .            (helmet currently unavailable)
rElec   .            (cloak currently unavailable)
rCorr   .            (gloves currently unavailable)
SInv    .            (boots currently unavailable)
Will    .....        (no amulet)
Stlth   +            f - +4 ring of protection
HPRegen 0.25/turn    (no ring)
MPRegen 0.09/turn

%: no passive effects
@: beast-form
A: beast (slay +2), hooves 1, demonic guardian 1, condensation shield
a: Begin Untransformation


You were on level 3 of the Dungeon.
You were a hulking beast.
You visited 1 branch of the dungeon, and saw 3 of its levels.

You collected 79 gold pieces.

Inventory:

Armour
 a - a +0 animal skin (worn)
 i - a +0 pair of boots
 j - a +0 cloak
 u - a +0 helmet
Jewellery
 f - a +4 ring of protection (left hand)
Talismans
 c - a beast talisman (active)
 d - a flux talisman
Scrolls
 e - a scroll of revelation {unknown}
 h - 2 scrolls of blinking {unknown}
 l - 2 scrolls of identify {unknown}
 m - a scroll of poison {unknown}
 p - a scroll of noise {unknown}
 t - a scroll of teleportation {unknown}
Potions
 b - 3 potions of lignification
 g - a potion of resistance {unknown}
 k - a potion of brilliance {unknown}
 n - a potion of invisibility {unknown}
 o - 2 potions of berserk rage {unknown}
 r - a potion of curing {unknown}
 v - a potion of ambrosia {unknown}


   Skills:
 * Level 1.6 Fighting
 * Level 2.1 Dodging
 * Level 3.6 Unarmed Combat
 * Level 3.6 Shapeshifting


You had 3 spell levels left.
You didn't know any spells.
Your spell library contained the following spells:

 Spells                   Type           Power      Damage    Failure   Level
 Lesser Beckoning         Tloc           0%         N/A       47%         2
 Gell's Gravitas          Tloc           0%         N/A       71%         3
 Teleport Other           Tloc           0%         N/A       71%         3


Dungeon Overview and Level Annotations

Branches:
Dungeon (3/15)

Altars:
Vehumet


Innate Abilities, Weirdness & Mutations

You are a hulking beast.
Your limbs bulge with bestial killing power. (Slay +2)
You have large cloven feet.
A weak demonic guardian rushes to your aid.
A meltable shield of frost defends you. (SH +4)


Message History

You throw a poisoned dart. The poisoned dart hits the gnoll.
The gnoll looks even sicker.
The gnoll is lightly wounded.
The gnoll attacks as it pursues you!
The gnoll hits you from afar with a +0 halberd.
You kill the gnoll!
You throw a poisoned dart. The poisoned dart hits the gnoll.
Nothing quivered!
The gnoll throws a throwing net.
The throwing net hits you.
You become entangled in the net!
You see here a throwing net.
You struggle against the net.
You struggle against the net.
You shred the net and break free! You block the gnoll's attack.
The gnoll attacks as it pursues you! The gnoll barely misses you.
The gnoll attacks as it pursues you! You block the gnoll's attack.
The gnoll misses you. The gnoll hits you with a +0 halberd!
A demonic guardian appears!
You hit the gnoll. Your kick misses the gnoll.
The gnoll is lightly wounded.
The gnoll completely misses you. The gnoll hits you with a +0 halberd!
Your shadow imp closely misses the gnoll.
You hit the gnoll. You kick the gnoll.
The gnoll is severely wounded.
The gnoll hits you from afar with a +0 spear!
* * * LOW HITPOINT WARNING * * *
The gnoll barely misses you.
You barely miss the gnoll. Your punch misses the gnoll.
The gnoll is severely wounded.
Your shadow imp hits the gnoll but does no damage.
You block the gnoll's attack. The gnoll barely misses you.
You closely miss the gnoll.
The gnoll is severely wounded.
Your shadow imp hits the gnoll.
The gnoll barely misses you. The gnoll misses you.
You barely miss the gnoll.
The gnoll is severely wounded.
Your shadow imp hits the gnoll.
The gnoll hits you from afar with a +0 spear.
You die...

#.#.#....###.........####....####
#.#........'...[.....))†.......<)
#.#.#....###.................####
#.#..#.#.# ##........#####.#.#
#.##.###.# ##..>..#.###...#.#
#.##.# #.# ##..............#
#.##.###.# ##'.###'###.##.#
#........# #..# #.# #....#
####.###########h.###.###.####
#.# #.....5.g.'.._###.# #.#
#.#####g..###.###.# #.# #.#
#....# #.# #.# #.# #.#
##...###+###.# #.####.#
##..........# #......#
#....####### ######## #.#### #.#


You could see 2 gnolls and a friendly shadow imp (summoned).

Vanquished Creatures
  Robin (D:3)
  4 gnolls
  2 adders (D:3)
  3 ball pythons
  2 endoplasms (D:2)
  2 giant cockroaches
  6 goblins
  9 hobgoblins
  A kobold (D:1)
  A quokka (D:1)
  4 bats
  2 frilled lizards (D:1)
  3 rats
40 creatures vanquished.

Vanquished Creatures (collateral kills)
  An adder (D:2)
  A goblin (D:2)
2 creatures vanquished.

Grand Total: 42 creatures vanquished

Notes
Turn   | Place    | Note
-------+----------+-------------------------------------------
     0 | D:1      | gelatine the Demonspawn Shapeshifter began the quest for
                  | the Orb.
     0 | D:1      | Reached XP level 1. HP: 15/15 MP: 1/1
   405 | D:1      | Gained mutation: You have large cloven feet. [demonic
                  | ancestry]
   405 | D:1      | Reached XP level 2. HP: 21/21 MP: 2/2
   567 | D:2      | Gained mutation: A weak demonic guardian rushes to your
                  | aid. [demonic ancestry]
   567 | D:2      | Reached XP level 3. HP: 18/26 MP: 3/3
   992 | D:3      | Gained mutation: A meltable shield of frost defends you.
                  | (SH +4) [demonic ancestry]
   992 | D:3      | Reached XP level 4. HP: 26/32 MP: 4/4
  1145 | D:3      | Noticed Robin
  1162 | D:3      | Killed Robin
  1281 | D:3      | Found a radiant altar of Vehumet.
  1598 | D:3      | Slain by a gnoll

Illustrated notes

Levels and vault maps discovered:
D:1:      dpeg_arrival_water_temple_mockup, layout_basic
D:2:      layout_rooms
D:3:      layout_loops_corners, old_standard_altar, lemuel_doored_altar,
          nrook_campfire, hangedman_decor_clover_reticule, uniq_robin, uniq_ijyb

Skill      XL: |  1  2  3 |
---------------+----------+-----
Shapeshifting  | 3 |  3.6
Unarmed Combat | 3 |  3.6
Dodging        | 2 |  2.1
Fighting       | |  1.6

Action                     |  1- 3 |  4- 6 || total
---------------------------+-------+-------++-------
  Melee: Unarmed           |    56 |    43 ||    99
         Punch             |     2 |     1 ||     3
         Kick              |     3 |    10 ||    13
  Throw: Stone             |       |    20 ||    20
         Dart              |       |     5 ||     5
   Stab: Distracted        |     1 |       ||     1
         Sleeping          |     1 |       ||     1
 Armour: Animal skin       |    23 |    21 ||    44
  Dodge: Dodged            |    28 |    24 ||    52
  Block: Other             |       |     9 ||     9

Table legend: (Time is in decaauts)
 A = Elapsed time spent in this place.
 B = Non-inter-level travel time spent in this place.
 C = Inter-level travel time spent in this place.
 D = Time resting spent in this place.
 E = Time spent auto-exploring this place.
 F = Levels seen in this place.
 G = Mean time per level.
                   A        B        C        D        E       F      G
               +--------+--------+--------+--------+--------+-----+--------+
         Total |   1593 |   1579 |     14 |      0 |   1212 |   3 |  531.0 |
       Dungeon |   1593 |   1579 |     14 |      0 |   1212 |   3 |  531.0 |
               +--------+--------+--------+--------+--------+-----+--------+

Top non-repeatable levels by time:
     D:3: 610 daAuts
     D:1: 538 daAuts
     D:2: 445 daAuts
